 Dungeon Crawl Stone Soup version 0.18.1-48-g4cf74bf (webtiles) character file.

72 HellraiseR the Skirmisher (level 4, -1/30 HPs)
             Began as a Gargoyle Fighter on Aug 15, 2016.
             Slain by Menkaure (18 damage)
             ... on level 4 of the Dungeon.
             The game lasted 00:34:44 (3036 turns).

HellraiseR the Skirmisher (Gargoyle Fighter)        Turns: 3036, Time: 00:34:44

Health: -1/30      AC: 11    Str: 21    XL:     4   Next: 25%
Magic:  4/4        EV:  7    Int:  8    God:
Gold:   117        SH: 15    Dex:  9    Spells: 0 memorised, 3 levels left

rFire  . . .     SeeInvis .     a - +0 flail
rCold  . . .     Gourm    .     b - +0 scale mail
rNeg   + . .     Faith    .     c - +0 shield
rPois  ∞         Spirit   .     (no helmet)
rElec  +         Dismiss  .     (no cloak)
rCorr  .         Reflect  +     (no gloves)
SustAt .         Harm     .     q - +0 pair of boots
MR     .....                    m - +6 amulet of reflection
Stlth  ..........               (no ring)
                                (no ring)

@: not resistant to hostile enchantments, extremely unstealthy
A: negative energy resistance 1, electricity resistance, unbreathing,
petrification resistance, rot immunity, AC +3
a: no special abilities


You were on level 4 of the Dungeon.
You were hungry.

You visited 1 branch of the dungeon, and saw 4 of its levels.

You collected 117 gold pieces.

Inventory:

Hand Weapons
 a - a +0 flail (weapon)
Missiles
 s - 13 poisoned needles
Armour
 b - a +0 scale mail (worn)
 c - a +0 shield (worn)
 q - a +0 pair of boots (worn)
Jewellery
 m - a +6 amulet of reflection (around neck)
Scrolls
 i - 2 scrolls of teleportation {unknown}
 o - 5 scrolls of identify {unknown}
 r - a scroll of immolation {unknown}
Potions
 d - 2 potions of might
 e - 2 potions of mutation {unknown}
 h - 3 potions of degeneration {unknown}
 j - a potion of brilliance {unknown}
 l - 2 potions of flight {unknown}
 n - 2 potions of curing {unknown}
 p - 2 potions of heal wounds {unknown}
Comestibles
 f - 2 bread rations
 g - a slice of pizza
 k - 3 meat rations


   Skills:
 + Level 4.5 Fighting
 + Level 3.1 Maces & Flails
 - Level 3.2 Armour
 - Level 0.4 Dodging
 - Level 3.2 Shields


You had 3 spell levels left.
You didn't know any spells.

Dungeon Overview and Level Annotations

Branches:
Dungeon (3/15)

Altars:
Makhleb

Annotations:
D:4 Menkaure


Innate Abilities, Weirdness & Mutations

You are resistant to torment.
Your stone body is resilient (AC +3).
You are immune to poison.
You resist negative energy.
You are resistant to electric shocks.
You can survive without breathing.
You are immune to petrification.
You are immune to rotting.


Message History

Menkaure shouts!
Menkaure gestures wildly while chanting.
Menkaure seems to speed up.
Found a scroll labeled VIUWKODGHELEE.
Menkaure calls on the powers of darkness!
Your body is wracked with pain!
You block Menkaure's attack.
You barely miss Menkaure. Menkaure barely misses you. Menkaure hits you.
You sock Menkaure!
Menkaure is heavily damaged.
Menkaure calls on the powers of darkness!
Your body is wracked with pain!
You hit Menkaure but do no damage.
Menkaure is heavily damaged.
You block Menkaure's attack. x2
You hit Menkaure but do no damage.
Menkaure is heavily damaged.
Menkaure barely misses you. Menkaure hits you!!
Ouch! That really hurt!
You die...

### #.$ ##### #?#
#...... ... ... ..#
#.## #.# #.# #.#
.....##.#
#.###.##########.#
.M......#
#.##.............#
#M#
#.#.....######.....
#.###.#.@.......
###
#.##.#.M#...####
#..M##.###.##
#.##.#..#.##
#.....##.# #######
##


You could see Menkaure.

Vanquished Creatures
  An adder (D:2)
  3 dart slugs
  2 giant geckos
  An orc (D:3)
  5 goblins
  8 hobgoblins
  5 jackals
  3 quokkas (D:3)
  A ball python (D:2)
  8 bats
  2 giant newts
  6 kobolds
  6 rats
51 creatures vanquished.

Notes
Turn   | Place    | Note
--------------------------------------------------------------
     0 | D:1      | HellraiseR the Gargoyle Fighter began the quest for the Orb.
     0 | D:1      | Reached XP level 1. HP: 14/14 MP: 1/1
   905 | D:1      | Reached XP level 2. HP: 19/20 MP: 2/2
  1402 | D:1      | Reached skill level 4 in Fighting
  1984 | D:2      | Reached XP level 3. HP: 24/24 MP: 3/3
  2311 | D:2      | Found a burning altar of Makhleb.
  2417 | D:2      | Reached XP level 4. HP: 30/30 MP: 4/4
  2993 | D:3      | You fall through a shaft!
  3017 | D:4      | Noticed Menkaure
  3036 | D:4      | Slain by Menkaure

Skill      XL: |  1  2  3 |
---------------+----------+-----
Fighting       | 4 |  4.5
Maces & Flails | 3 |  3.1
Armour         | |  3.2
Dodging        | |  0.4
Shields        | |  3.2

Action                   |  1- 3 |  4- 6 || total
-------------------------+-------+-------++-------
Melee: Flail             |   131 |    64 ||   195
  Eat: Chunk             |     5 |     1 ||     6
Armor: Scale mail        |    53 |    19 ||    72
Dodge: Dodged            |    44 |    10 ||    54
Block: Shield            |   113 |    62 ||   175
       Reflection        |     4 |     3 ||     7
